 Dungeon Crawl Stone Soup version 0.31-a0-233-g139696dc86 (webtiles) character file.

Game seed: 16112767392431647980

23 qw the Shooter (level 3, -1/21 HPs)
             Began as a Gargoyle Hexslinger on July 8, 2023.
             Slain by a jackal (3 damage)
             ... on level 2 of the Dungeon.
             The game lasted 00:00:17 (1251 turns).

qw the Shooter (Gargoyle Hexslinger)                Turns: 1251, Time: 00:00:17

Health: -1/21      AC:  5    Str: 11    XL:     3   Next: 0%
Magic:  4/4        EV: 12    Int: 13    God:
Gold:   36         SH:  0    Dex: 14    Spells: 3/4 levels left

rFire   . . .        Y - +1 sling
rCold   . . .        (no shield)
rNeg    + . .        c - +0 robe
rPois   inf          (no helmet)
rElec   +            (no cloak)
rCorr   .            (no gloves)
SInv    .            (no boots)
Will    .....        (no amulet)
Stlth   +            (no ring)
HPRegen 0.23/turn    (no ring)
MPRegen 0.09/turn

%: no passive effects
@: no status effects
A: sickness immunity, AC +3, negative energy resistance 1, electricity
resistance, torment resistance 1, petrification resistance
a: no special abilities


You were on level 2 of the Dungeon.
You visited 1 branch of the dungeon, and saw 2 of its levels.

You collected 36 gold pieces.


Innate Abilities, Weirdness & Mutations

You are immune to sickness and miasma.
Your stone body is resilient. (AC +3)
You are immune to poison.
You resist negative energy. (rN+)
You are resistant to electric shocks. (rElec)
You are resistant to unholy torment.
You are immune to petrification.


   Skills:
 - Level 2.0 Fighting
 + Level 3.0 Ranged Weapons
 - Level 1.5 Dodging
 - Level 1.0 Spellcasting
 - Level 2.6 Hexes


You had 3 spell levels left.
You knew the following spells:

 Your Spells              Type           Power      Damage    Failure   Level
a - Slow                  Hex            28%        N/A       10%         1

Your spell library contained the following spells:

 Spells                   Type           Power      Damage    Failure   Level
 Inner Flame              Hex/Fire       4%         N/A       43%         3
 Portal Projectile        Hex/Tloc       8%         N/A       43%         3
 Cause Fear               Hex            3%         N/A       67%         4

Inventory:

Hand Weapons
 Y - a +1 sling (weapon)
Armour
 c - a +0 robe (worn)
Potions
 e - a potion of haste {unknown}
 f - a potion of berserk rage {unknown}

Dungeon Overview and Level Annotations

Branches:
Dungeon (2/15)

Altars:

Annotations:
D:2 1 runed translucent door, Crazy Yiuf


Message History

You shoot a sling bullet.
The sling bullet barely misses the jackal.
The jackal bites you but does no damage.
The jackal misses you. The jackal bites you.
You shoot a sling bullet.
The sling bullet closely misses the jackal.
The jackal bites you but does no damage. x2
The jackal misses you. The jackal closely misses you.
You shoot a sling bullet.
The sling bullet hits the jackal but does no damage.
The jackal is severely wounded.
The jackal closely misses you.
The jackal bites you but does no damage.
The jackal barely misses you.
You shoot a sling bullet.
The sling bullet closely misses the jackal.
The jackal bites you but does no damage.
The jackal misses you. The jackal closely misses you.
You shoot a sling bullet.
The sling bullet closely misses the jackal.
The jackal closely misses you. The jackal bites you.
The jackal closely misses you. The jackal barely misses you.
You shoot a sling bullet.
The sling bullet closely misses the jackal.
The jackal bites you. The jackal closely misses you.
The jackal barely misses you. The jackal bites you.
You shoot a sling bullet.
The sling bullet closely misses the jackal.
The jackal barely misses you. The jackal misses you. The jackal bites you.
You shoot a sling bullet.
The sling bullet barely misses the jackal.
The jackal bites you.
A rat comes into view.
The jackal barely misses you. The jackal bites you.
You shoot a sling bullet.
The sling bullet closely misses the jackal.
The jackal barely misses you. The jackal bites you.
A quokka comes into view.
The jackal bites you.
You die...

......<.. ........##
#........# #........#
#........# # #(.......#
r.##.#........##########
.r..%.hh................
######@.....###########
#........#......(..
#.#####.##.########
#.##.# #####.#. #.##.#
........ #.##.# ........
#.#..# ........ ....##
........ #### ........


You could see a quokka (wandering), 2 jackals and a rat.

Vanquished Creatures
  A dart slug (D:1)
  2 endoplasms (D:1)
  2 hobgoblins
  6 jackals (D:2)
  4 ball pythons (D:1)
  A bat (D:2)
  A frilled lizard (D:1)
  3 kobolds (D:1)
20 creatures vanquished.

Notes
Turn   | Place    | Note
-------+----------+-------------------------------------------
     0 | D:1      | qw the Gargoyle Hexslinger began the quest for the Orb.
     0 | D:1      | Reached XP level 1. HP: 12/12 MP: 2/2
     0 | D:1      | 0 ||| qw: Version: 0.3-a-46-gb1f654a
     0 | D:1      | 0 ||| qw: Game counter: 3358
     0 | D:1      | 0 ||| qw: Melee chars always use a shield: true
     0 | D:1      | 0 ||| qw: God list: Okawaru
     0 | D:1      | 0 ||| qw: Allow faded altars: false
     0 | D:1      | 0 ||| qw: Do Orc after clearing Dungeon:15 true
     0 | D:1      | 0 ||| qw: Do second Lair branch before Depths: true
     0 | D:1      | 0 ||| qw: Lair rune preference: random
     0 | D:1      | 0 ||| qw: Goals: Normal
     0 | D:1      | 0 ||| PLANNING D:1-11
   329 | D:1      | Reached XP level 2. HP: 16/16 MP: 3/3
   544 | D:1      | Reached skill level 3 in Ranged Weapons
  1043 | D:1      | 1043 ||| READING scroll labelled OFAAMMECHA.
  1044 | D:1      | 1044 ||| DROPPING scroll of poison.
  1183 | D:2      | Found a runed translucent door.
  1184 | D:2      | Noticed Crazy Yiuf
  1241 | D:2      | Reached XP level 3. HP: 20/21 MP: 4/4
  1250 | D:2      | HP: 3/21 [jackal (3)]
  1251 | D:2      | Slain by a jackal

Levels and vault maps discovered:
D:1:      wander_arrival_abandoned_jail, layout_basic, minmay_misc_feat_pillars
D:2:      layout_basic, minmay_pentomino_pile, uniq_crazy_yiuf_cottage

Skill      XL: |  1  2 |
---------------+-------+-----
Ranged Weapons | 3 |  3.0
Fighting       | 2 |  2.0
Dodging        | |  1.5
Spellcasting   | |  1.0
Hexes          | |  2.6

Action                     || total
---------------------------++-------
   Fire: Sling             ||    72
    Use: Scroll            ||     1
 Armour: Robe              ||    29
  Dodge: Dodged            ||    52

Table legend:
 A = Non-vault XP
 B = Vault XP
 C = Vault XP percentage of total XP
 D = Non-vault monster count
 E = Vault monster count
 F = Vault count percentage of total count
                 A         B        C        D         E       F
            +---------+---------+-------+---------+---------+-------
      Total |      34 |       0 |   0.0 |      20 |       0 |   0.0
            +---------+---------+-------+---------+---------+-------
        D:1 |      19 |       0 |   0.0 |      12 |       0 |   0.0
        D:2 |      15 |       0 |   0.0 |       8 |       0 |   0.0
            +---------+---------+-------+---------+---------+-------
